 Dungeon Crawl Stone Soup version 0.23-a0-171-g5ae17c6e89 (webtiles) character file.

28908 Ablot the Thaumaturge (level 13, -10/101 HPs)
             Began as a Gnoll Skald on Sept 14, 2018.
             Was the Champion of Okawaru.
             Mangled by a large slime creature (36 damage)
             ... on level 15 of the Dungeon.
             The game lasted 00:45:58 (13508 turns).

Ablot the Thaumaturge (Gnoll Skald)                Turns: 13508, Time: 00:45:59

Health: -10/101    AC: 15    Str: 23    XL:     13   Next: 41%
Magic:  0/26       EV: 17    Int: 20    God:    Okawaru [******]
Gold:   782        SH:  7    Dex: 19    Spells: 11/31 levels left

rFire    . . .     SeeInvis +   a - +9 trident "Yguefaic" {pierce, Int+4 Dex+3}
rCold    . . .     Gourm    .   i - +0 buckler
rNeg     . . .     Faith    .   N - +4 scale mail of Compression {Str+6}
rPois    +         Spirit   +   B - +0 helmet
rElec    .         Reflect  .   S - scarf {repulsion}
rCorr    .         Harm     .   (no gloves)
MR       .....                  X - +0 pair of boots
Stlth    +++.......             C - amulet of guardian spirit
HPRegen  1.26/turn              m - ring of see invisible
MPRegen  0.20/turn              v - ring of poison resistance

@: regenerating, repel missiles
A: distributed training, fangs 1, strong nose
a: Heroism, Finesse, Renounce Religion


You were on level 15 of the Dungeon.
You worshipped Okawaru.
Okawaru was exalted by your worship.
You were hungry.

You visited 2 branches of the dungeon, and saw 16 of its levels.

You collected 962 gold pieces.
You spent 180 gold pieces at shops.

Inventory:

Hand Weapons
 a - the +9 trident "Yguefaic" (weapon) {pierce, Int+4 Dex+3}
   (You found it on level 12 of the Dungeon)

   It inflicts extra damage upon your enemies.
   It affects your intelligence (+4).
   It affects your dexterity (+3).
 q - the +2 fustibalus of Luopneru {velocity, rN+ Str+6 Int+2 Stlth+}
   (Okawaru gifted it to you on level 12 of the Dungeon)

   Any stone fired from it inflicts extra damage.
   It affects your strength (+6).
   It affects your intelligence (+2).
   It protects you from negative energy.
   It makes you more stealthy.
Missiles
 c - 265 bolts
 e - 507 arrows
 g - 339 stones
 j - 112 sling bullets
 t - 63 poisoned needles
 u - 2 throwing nets
 z - 8 javelins (quivered)
 G - 2 curare-tipped needles
 T - 5 needles of confusion
Armour
 i - a +0 buckler (worn)
 B - a +0 helmet (worn)
 N - the +4 scale mail of Compression (worn) {Str+6}
   (You found it on level 9 of the Dungeon)

   It affects your strength (+6).
 S - a scarf of repulsion (worn)
 X - a +0 pair of boots (worn)
Magical Staves
 P - an uncursed staff of earth
Jewellery
 m - a ring of see invisible (left hand)
 v - a ring of poison resistance (right hand)
 C - an amulet of guardian spirit (around neck)
 H - an uncursed ring of protection from fire
 Q - an uncursed ring of protection from cold
Wands
 o - a wand of enslavement (6)
 J - a wand of paralysis (23)
 L - a wand of polymorph (26)
 O - a wand of acid (11)
Scrolls
 f - 6 scrolls of enchant armour
 k - a scroll of brand weapon
 w - 8 scrolls of remove curse
 x - a scroll of random uselessness {unknown}
 y - 3 scrolls of magic mapping
 A - 7 scrolls of amnesia
 E - a scroll of holy word {unknown}
 F - 5 scrolls of teleportation
 K - a scroll of fog {unknown}
 M - a scroll of summoning {unknown}
 U - 2 scrolls of fear {unknown}
 V - 3 scrolls of blinking
 W - a scroll of immolation {unknown}
 Y - a scroll of enchant weapon
Potions
 b - a potion of resistance
 h - 2 potions of magic
 l - a potion of lignification
 p - a potion of heal wounds
 r - a potion of flight
 s - 4 potions of brilliance
 D - 2 potions of haste
 I - 4 potions of curing
 R - a potion of might {unknown}
Miscellaneous
 Z - a box of beasts
Comestibles
 d - 33 rations
 n - 4 chunks of flesh


   Skills:
 + Level 9.4 Fighting
 + Level 8.1 Short Blades
 + Level 8.1 Long Blades
 + Level 8.1 Axes
 + Level 8.1 Maces & Flails
 + Level 9.4 Polearms
 + Level 8.1 Staves
 + Level 8.1 Slings
 + Level 8.1 Bows
 + Level 8.1 Crossbows
 + Level 8.1 Throwing
 + Level 8.6 Armour
 + Level 9.4 Dodging
 + Level 8.1 Stealth
 + Level 8.1 Shields
 + Level 8.1 Unarmed Combat
 + Level 9.6 Spellcasting
 + Level 6.7 Conjurations
 + Level 6.7 Hexes
 + Level 8.8 Charms
 + Level 6.7 Summonings
 + Level 6.7 Necromancy
 + Level 6.7 Translocations
 + Level 6.7 Transmutations
 + Level 6.7 Fire Magic
 + Level 6.7 Ice Magic
 + Level 6.7 Air Magic
 + Level 6.7 Earth Magic
 + Level 6.7 Poison Magic
 + Level 8.9 Invocations
 + Level 8.1 Evocations


You had 11 spell levels left.
You knew the following spells:

 Your Spells              Type           Power        Failure   Level  Hunger
a - Infusion              Chrm           ####         1%          1    None
b - Song of Slaying       Chrm           #####...     1%          2    None
c - Shroud of Golubria    Chrm/Tloc      #####.....   1%          2    None
d - Regeneration          Chrm/Necr      #####.....   1%          3    None
e - Spectral Weapon       Hex/Chrm       #####...     1%          3    None
f - Dazzling Spray        Conj/Hex       #####.       3%          3    None
g - Tukima's Dance        Hex            #####...     3%          3    None
h - Confuse               Hex            #####...     3%          3    None

Your spell library contained the following spells:

 Spells                   Type           Power        Failure   Level  Hunger
 Animate Skeleton         Necr           N/A          1%          1    None
 Corona                   Hex            #####..      1%          1    None
 Pain                     Necr           ####         1%          1    None
 Summon Small Mammal      Summ           ####         1%          1    None
 Call Imp                 Summ           #####...     1%          2    None
 Ensorcelled Hibernation  Hex/Ice        #####.       1%          2    None
 Call Canine Familiar     Summ           #####...     3%          3    None
 Summon Guardian Golem    Hex/Summ       #####...     3%          3    None
 Vampiric Draining        Necr           #####.....   3%          3    None
 Animate Dead             Necr           N/A          10%         4    ##.....
 Summon Ice Beast         Ice/Summ       #####...     10%         4    ##.....
 Summon Lightning Spire   Summ/Air       #####...     10%         4    ##.....
 Silence                  Hex/Air        #####.....   26%         5    #####..
 Deflect Missiles         Chrm/Air       #####.....   69%         6    ######.
 Conjure Ball Lightning   Conj/Air       #####.....   83%         6    ######.
 Tornado                  Air            #####.....   100%        9    #######


Dungeon Overview and Level Annotations

Branches:
Dungeon (15/15)            Temple (1/1) D:4            Lair (0/6) D:11
    Orc (0/2) D:12         Vaults (0/5) D:13
 Depths: D:15

Altars:
Ashenzari
Cheibriados
Dithmenos
Elyvilon
Fedhas
Gozag
Hepliaklqana
Kikubaaqudgha
Makhleb
Nemelex Xobeh
Okawaru
Qazlal
Ru
Sif Muna
Trog
Uskayaw
Vehumet
Wu Jian
Xom
Yredelemnul
Zin
The Shining One

Shops:
D:4 *   D:7 [   D:10 *

Annotations:
D:14 2 transporters, Jesh's ghost, journeyman SpEn


Innate Abilities, Weirdness & Mutations

Your experience applies equally to all skills.
You have very sharp teeth.
Your uncanny sense of smell can sniff out nearby items.


Message History

Unknown command.
Unknown command.
The hound misses you.
The glowing orange brain pulsates.
Something tries to feed on your intellect!
Two slime creatures merge to form a large slime creature.
The glowing orange brain blinks!
The hound barely misses you.
Two slime creatures merge to form a large slime creature.
Casting: Spectral Weapon (safe; 1% risk of failure)
Confirm with . or Enter, or press ? or * to list all spells.
Space distorts slightly along a thin shroud covering your body.
Casting: Shroud of Golubria (safe; 1% risk of failure)
Confirm with . or Enter, or press ? or * to list all spells.
Your skin crawls.
The glowing orange brain pulsates.
You puncture the large slime creature! You bite the large slime creature.
The large slime creature is severely wounded.
The large slime creature hits you!!!
You die...

... #..#..# #.#
#..##.......#
#.####..#..# #.#
#..##.......#
#.......#..# #.#
#..##...#...#
#.......#..# #.#
#.......#....
#'#.....#..# #.#
#.......# ..#
#.###...J..# #.#
#..##...# .# ..
#......# #.# #.<##...#
.# ... #..##.G###.#
#..##...# #...
#..##.lhJ@.###..##...#
##..
#..##..###......##...#
∆ ##y #..##..#
#......##...# ##.##..#
#......##...# #.##..#
#.####.##...# #.##..#
#.# #.##...# #.##..#
#.# #.##)..# #.##..#
.# #.##..)# ###∆
##.##..# #.##...#


You could see a large slime creature, a glowing orange brain, a komodo dragon
and a hound shaped shifter.

Vanquished Creatures
  A rakshasa (D:15)
  5 two-headed ogres
  A centaur warrior (D:13)
  A skeletal warrior (D:13)
  3 unseen horrors
  A wolf spider (shapeshifter) (D:15)
  2 orc knights
  9 ugly things
  2 cyclopes (D:13)
  A manticore (D:13)
  Psyche (D:9)
  A gargoyle (D:11)
  4 centaur skeletons
  5 yaktaurs (D:13)
  A kobold demonologist (D:15)
  The ghost of grizmgrazm2 the Insei, a novice KoTm (D:4)
  2 trolls
  A meliai (shapeshifter) (D:15)
  A wind drake (shapeshifter) (D:15)
  A hippogriff (D:12)
  A slime creature (D:15)
  A spriggan (shapeshifter) (D:14)
  2 shadows
  A spriggan (D:9)
  6 yaks (D:9)
  2 vampires
  2 wyverns
  5 hungry ghosts
  5 vampire mosquitoes
  An acid dragon (D:15)
  2 water moccasins
  6 orc warriors
  2 sky beasts
  7 ice beasts
  A necrophage (D:9)
  3 black bears
  A phantom (D:12)
  16 centaurs
  2 ogres
  A crocodile (D:10)
  A big kobold (D:12)
  14 bullfrogs
  A gnoll sergeant (D:9)
  A wyvern zombie (D:14)
  2 wyvern skeletons
  5 scorpions
  12 killer bees
  10 wights
  11 howler monkeys
  2 crimson imps
  4 jellies
  3 centaur zombies
  A quasit (D:11)
  A bullfrog skeleton (D:13)
  6 hounds
  2 orc priests
  A gnoll shaman (D:4)
  Terence (D:3)
  An iguana (D:8)
  6 orc wizards
  10 worker ants
  5 ogre zombies (D:12)
  A hound zombie (D:7)
  2 worker ant zombies
  9 gnolls
  A howler monkey skeleton (D:10)
  13 adders
  4 shadow imps
  3 oozes
  An adder zombie (D:3)
  2 worms
  A leopard gecko (D:1)
  37 orcs
  5 giant cockroaches
  2 goblins
  8 hobgoblins
  12 jackals
  12 kobolds
  2 quokkas
  3 bats
  A frilled lizard (D:5)
  2 goblin skeletons (D:12)
  4 goblin zombies (D:12)
  A hobgoblin skeleton (D:12)
  2 hobgoblin zombies (D:12)
  2 jackal skeletons
  10 orc zombies (D:12)
  A quokka skeleton (D:8)
  9 rats
361 creatures vanquished.

Vanquished Creatures (others)
  Maurice (D:13)
  An orc (D:13)
  9 spectral weapons
11 creatures vanquished.

Grand Total: 372 creatures vanquished

Notes
Turn   | Place    | Note
-------+----------+-------------------------------------------
     0 | D:1      | Ablot the Gnoll Skald began the quest for the Orb.
     0 | D:1      | Reached XP level 1. HP: 20/20 MP: 6/6
   101 | D:1      | Reached XP level 2. HP: 26/26 MP: 7/7
   105 | D:1      | Learned a level 2 spell: Song of Slaying
   108 | D:1      | Learned a level 2 spell: Shroud of Golubria
   960 | D:2      | Reached XP level 3. HP: 29/31 MP: 9/9
   965 | D:2      | Learned a level 3 spell: Regeneration
   969 | D:2      | Learned a level 3 spell: Spectral Weapon
  1106 | D:2      | Reached skill level 5 in Spellcasting
  1556 | D:3      | Reached skill level 1 in Short Blades
  1556 | D:3      | Reached skill level 1 in Long Blades
  1556 | D:3      | Reached skill level 1 in Axes
  1556 | D:3      | Reached skill level 1 in Maces & Flails
  1556 | D:3      | Reached skill level 1 in Staves
  1556 | D:3      | Reached skill level 1 in Slings
  1556 | D:3      | Reached skill level 1 in Bows
  1556 | D:3      | Reached skill level 1 in Crossbows
  1556 | D:3      | Reached skill level 1 in Throwing
  1556 | D:3      | Reached skill level 1 in Stealth
  1556 | D:3      | Reached skill level 1 in Shields
  1556 | D:3      | Reached skill level 1 in Unarmed Combat
  1556 | D:3      | Reached skill level 1 in Invocations
  1556 | D:3      | Reached skill level 1 in Evocations
  1556 | D:3      | Reached XP level 4. HP: 34/38 MP: 2/11
  1624 | D:3      | Noticed Terence
  1647 | D:3      | Killed Terence
  1744 | D:3      | Reached skill level 1 in Conjurations
  1744 | D:3      | Reached skill level 1 in Hexes
  1744 | D:3      | Reached skill level 1 in Summonings
  1744 | D:3      | Reached skill level 1 in Necromancy
  1744 | D:3      | Reached skill level 1 in Translocations
  1744 | D:3      | Reached skill level 1 in Transmutations
  1744 | D:3      | Reached skill level 1 in Fire Magic
  1744 | D:3      | Reached skill level 1 in Ice Magic
  1744 | D:3      | Reached skill level 1 in Air Magic
  1744 | D:3      | Reached skill level 1 in Earth Magic
  1744 | D:3      | Reached skill level 1 in Poison Magic
  1964 | D:3      | Reached XP level 5. HP: 43/43 MP: 12/12
  2914 | D:4      | Reached XP level 6. HP: 47/50 MP: 7/13
  3028 | D:4      | Found a staircase to the Ecumenical Temple.
  3034 | Temple   | Entered the Ecumenical Temple
  3130 | Temple   | Became a worshipper of Warmaster Okawaru
  3208 | D:4      | Reached skill level 5 in Fighting
  3208 | D:4      | Reached skill level 5 in Polearms
  3208 | D:4      | Reached skill level 5 in Dodging
  3484 | D:4      | Found Giypnebb's Assorted Antiques.
  3501 | D:4      | Bought a bubbling blue potion for 17 gold pieces
  3501 | D:4      | Bought a scroll labeled VIGOFE OJUSE for 19 gold pieces
  3501 | D:4      | Bought a purple potion for 17 gold pieces
  3501 | D:4      | Bought a scroll labeled UDUOF QYNIO for 19 gold pieces
  3674 | D:4      | Found a runed door.
  3728 | D:4      | Noticed grizmgrazm2's ghost (novice KoTm)
  3752 | D:4      | Found a runed door.
  3870 | D:4      | Killed grizmgrazm2's ghost
  3870 | D:4      | Reached XP level 7. HP: 27/56 MP: 11/15
  3986 | D:5      | Entered Level 5 of the Dungeon
  4038 | D:5      | Found a burning altar of Makhleb.
  4179 | D:5      | Reached * piety under Okawaru
  4562 | D:5      | Reached XP level 8. HP: 63/63 MP: 8/16
  5378 | D:7      | Reached ** piety under Okawaru
  5744 | D:7      | Reached XP level 9. HP: 46/69 MP: 6/18
  6064 | D:7      | Found Luemn's Armour Shoppe.
  6137 | D:7      | Reached *** piety under Okawaru
  6601 | D:8      | Reached skill level 5 in Armour
  6624 | D:8      | Noticed a two-headed ogre
  6647 | D:8      | Killed a two-headed ogre
  6647 | D:8      | Reached skill level 5 in Invocations
  6647 | D:8      | Reached XP level 10. HP: 51/77 MP: 8/20
  6723 | D:8      | Reached **** piety under Okawaru
  6750 | D:8      | HP: 3/77 [killer bee (7)]
  7040 | D:8      | Found a blossoming altar of Fedhas.
  7105 | D:8      | Received a gift from Okawaru
  7105 | D:8      | Reached skill level 5 in Short Blades
  7105 | D:8      | Reached skill level 5 in Long Blades
  7105 | D:8      | Reached skill level 5 in Axes
  7105 | D:8      | Reached skill level 5 in Maces & Flails
  7105 | D:8      | Reached skill level 5 in Staves
  7105 | D:8      | Reached skill level 5 in Slings
  7105 | D:8      | Reached skill level 5 in Bows
  7105 | D:8      | Reached skill level 5 in Crossbows
  7105 | D:8      | Reached skill level 5 in Throwing
  7105 | D:8      | Reached skill level 5 in Stealth
  7105 | D:8      | Reached skill level 5 in Shields
  7105 | D:8      | Reached skill level 5 in Unarmed Combat
  7105 | D:8      | Reached skill level 5 in Evocations
  7367 | D:9      | Noticed Psyche
  7380 | D:9      | Killed Psyche
  7627 | D:9      | Got a brightly glowing scale mail
  7638 | D:9      | Identified the +4 scale mail of Compression {Str+6} (You
                  | found it on level 9 of the Dungeon)
  7682 | D:9      | Reached ***** piety under Okawaru
  7724 | D:9      | Received a gift from Okawaru
  8028 | D:9      | Reached XP level 11. HP: 84/84 MP: 20/22
  8224 | D:10     | Entered Level 10 of the Dungeon
  8582 | D:10     | Found Heivoyzy's General Store.
  8590 | D:10     | Bought a scroll of teleportation for 36 gold pieces
  8590 | D:10     | Bought a potion of brilliance for 48 gold pieces
  8590 | D:10     | Bought a scroll of identify for 24 gold pieces
  8831 | D:10     | You fall through a shaft for 3 floors!
  8831 | D:13     | Noticed Maurice
  8833 | D:13     | Noticed an orc knight
  8833 | D:13     | Noticed a skeletal warrior
  8862 | D:13     | Received a gift from Okawaru
  8865 | D:13     | Killed Maurice
  8885 | D:13     | Reached skill level 5 in Conjurations
  8885 | D:13     | Reached skill level 5 in Hexes
  8885 | D:13     | Reached skill level 5 in Summonings
  8885 | D:13     | Reached skill level 5 in Necromancy
  8885 | D:13     | Reached skill level 5 in Translocations
  8885 | D:13     | Reached skill level 5 in Transmutations
  8885 | D:13     | Reached skill level 5 in Fire Magic
  8885 | D:13     | Reached skill level 5 in Ice Magic
  8885 | D:13     | Reached skill level 5 in Air Magic
  8885 | D:13     | Reached skill level 5 in Earth Magic
  8885 | D:13     | Reached skill level 5 in Poison Magic
  8896 | D:13     | Killed an orc knight
  9026 | D:13     | Noticed a centaur warrior
  9037 | D:13     | Killed a centaur warrior
  9056 | D:13     | Killed a skeletal warrior
  9218 | D:13     | Received a gift from Okawaru
  9313 | D:12     | Noticed a two-headed ogre
  9324 | D:12     | Noticed an unseen horror
  9340 | D:12     | Killed an unseen horror
  9340 | D:12     | Received a gift from Okawaru
  9341 | D:12     | Got a transparent fustibalus {god gift}
  9344 | D:12     | Identified the +2 fustibalus of Luopneru {velocity, rN+
                  | Str+6 Int+2 Stlth+} (Okawaru gifted it to you on level 12
                  | of the Dungeon)
  9361 | D:12     | Killed a two-headed ogre
  9402 | D:12     | Found a staircase to the Orcish Mines.
  9464 | D:12     | Reached XP level 12. HP: 88/93 MP: 12/24
  9859 | D:11     | Found a staircase to the Lair.
 10212 | D:11     | Received a gift from Okawaru
 11349 | D:12     | Reached ****** piety under Okawaru
 11349 | D:12     | Received a gift from Okawaru
 11526 | D:12     | Got a translucent trident
 11531 | D:12     | Identified the +9 trident "Yguefaic" {pierce, Int+4 Dex+3}
                  | (You found it on level 12 of the Dungeon)
 12000 | D:13     | Learned a level 3 spell: Dazzling Spray
 12004 | D:13     | Learned a level 3 spell: Tukima's Dance
 12008 | D:13     | Learned a level 3 spell: Confuse
 12031 | D:13     | Found a gate to the Vaults.
 12081 | D:13     | Received a gift from Okawaru
 12356 | D:14     | Noticed a two-headed ogre
 12373 | D:14     | Killed a two-headed ogre
 12373 | D:14     | Received a gift from Okawaru
 12377 | D:14     | Got a pitted quarterstaff {god gift}
 12390 | D:14     | Found a transporter.
 12398 | D:14     | Noticed Jesh's ghost (journeyman SpEn)
 12453 | D:14     | Noticed a two-headed ogre
 12464 | D:14     | Killed a two-headed ogre
 12560 | D:14     | Found a transporter.
 12613 | D:14     | Identified the +5 quarterstaff of Cocytus {pain, rPois
                  | Str+5 Int+5} (Okawaru gifted it to you on level 14 of the
                  | Dungeon)
 12783 | D:14     | Reached XP level 13. HP: 93/101 MP: 11/26
 12912 | D:15     | Entered Level 15 of the Dungeon
 13045 | D:15     | Received a gift from Okawaru
 13200 | D:15     | Noticed a rakshasa
 13331 | D:15     | Killed a rakshasa
 13508 | D:15     | Mangled by a large slime creature

Vault maps used:
D:1:      eino_arrival_druids_welcome
D:2:      hangedman_abyss_or_decor_lesser_grid
D:3:      first_ration, uniq_terence
D:4:      minmay_temple_entry_hall, serial_shops, nicolae_shop_stone,
          ebering_ghost_sewer_f
D:5:      basic_altar
D:6:      minmay_tree_intersection
D:7:      serial_shops, kennysheep_little_box
D:8:      nicolae_overflow_crystal_walls
D:9:      the_bakery, uniq_psyche
D:10:     serial_shops, shop
D:11:     lair_entry_dummy
D:12:     zombieorc1_lemuel
D:13:     hangedman_vaults_entry_quadrant_bands, uniq_maurice
D:14:     gammafunk_ghost_stat_death
D:15:     gammafunk_enter_depths_forms, roderic_roman_lattice
Temple:   grunt_wide_crystal_templ

Skill      XL: |  1  2  3  4  5  6  7  8  9 10 11 12 13 |
---------------+----------------------------------------+-----
Spellcasting   | 5 6 7 8 9 |  9.6
Short Blades   | 1 2 3 4 5 6 7 8 |  8.1
Long Blades    | 1 2 3 4 5 6 7 8 |  8.1
Axes           | 1 2 3 4 5 6 7 8 |  8.1
Maces & Flails | 1 2 3 4 5 6 7 8 |  8.1
Staves         | 1 2 3 4 5 6 7 8 |  8.1
Slings         | 1 2 3 4 5 6 7 8 |  8.1
Bows           | 1 2 3 4 5 6 7 8 |  8.1
Crossbows      | 1 2 3 4 5 6 7 8 |  8.1
Throwing       | 1 2 3 4 5 6 7 8 |  8.1
Stealth        | 1 2 3 4 5 6 7 8 |  8.1
Shields        | 1 2 3 4 5 6 7 8 |  8.1
Unarmed Combat | 1 2 3 4 5 6 7 8 |  8.1
Invocations    | 1 2 3 4 5 6 7 8 |  8.9
Evocations     | 1 2 3 4 5 6 7 8 |  8.1
Conjurations   | 1 2 3 4 5 6 |  6.7
Hexes          | 1 2 3 4 5 6 |  6.7
Summonings     | 1 2 3 4 5 6 |  6.7
Necromancy     | 1 2 3 4 5 6 |  6.7
Translocations | 1 2 3 4 5 6 |  6.7
Transmutations | 1 2 3 4 5 6 |  6.7
Fire Magic     | 1 2 3 4 5 6 |  6.7
Ice Magic      | 1 2 3 4 5 6 |  6.7
Air Magic      | 1 2 3 4 5 6 |  6.7
Earth Magic    | 1 2 3 4 5 6 |  6.7
Poison Magic   | 1 2 3 4 5 6 |  6.7
Armour         | 3 4 5 6 7 8 |  8.6
Fighting       | 5 6 7 8 9 |  9.4
Polearms       | 5 6 7 8 9 |  9.4
Dodging        | 5 6 7 8 9 |  9.4
Charms         | 6 7 8 |  8.8

Action                   |  1- 3 |  4- 6 |  7- 9 | 10-12 | 13-15 || total
-------------------------+-------+-------+-------+-------+-------++-------
Melee: Spear             |    82 |   274 |    87 |       |       ||   443
       Bite              |     7 |    29 |    32 |    68 |    21 ||   157
       Punch             |       |     1 |     1 |       |       ||     2
       Trident           |       |       |   210 |   516 |   105 ||   831
 Fire: Fustibalus        |       |       |       |   105 |     8 ||   113
Throw: Javelin           |       |       |       |     3 |       ||     3
 Cast: Shroud of Golubri |     2 |    17 |    21 |    37 |     8 ||    85
       Spectral Weapon   |     1 |     8 |    19 |    33 |     6 ||    67
       Regeneration      |     1 |     6 |     7 |    16 |     4 ||    34
       Song of Slaying   |     1 |     3 |     8 |    13 |     1 ||    26
       Infusion          |       |     3 |       |     1 |       ||     4
       Confuse           |       |       |       |     2 |       ||     2
       Dazzling Spray    |       |       |       |     1 |       ||     1
Invok: Heroism           |       |       |     1 |     6 |       ||     7
  Use: Scroll            |       |     5 |     1 |    13 |       ||    19
       Potion            |       |     1 |     1 |     6 |       ||     8
 Stab: Sleeping          |     2 |     4 |     4 |     7 |       ||    17
       Distracted        |       |     1 |       |     5 |     1 ||     7
  Eat: Chunk             |     1 |    10 |    12 |    21 |     2 ||    46
       Ration            |       |       |       |     1 |       ||     1
Armor: Leather armour    |     7 |     3 |       |       |       ||    10
       Robe              |       |    23 |    33 |    18 |       ||    74
       Skin              |       |       |       |    25 |       ||    25
       Scale mail        |       |       |       |   111 |    16 ||   127
Dodge: Dodged            |    36 |   133 |   179 |   341 |    44 ||   733
Block: Buckler           |       |       |    18 |   142 |    20 ||   180

Table legend:
 A = Non-vault XP
 B = Vault XP
 C = Vault XP percentage of total XP
 D = Non-vault monster count
 E = Vault monster count
 F = Vault count percentage of total count
                 A         B        C        D         E       F
            +---------+---------+-------+---------+---------+-------
      Total |   32090 |    9208 |  22.3 |     307 |      55 |  15.2
            +---------+---------+-------+---------+---------+-------
        D:1 |      14 |       0 |   0.0 |       8 |       0 |   0.0
        D:2 |      36 |       0 |   0.0 |      13 |       0 |   0.0
        D:3 |     139 |      38 |  21.5 |      22 |       1 |   4.3
        D:4 |     343 |     329 |  49.0 |      19 |       3 |  13.6
        D:5 |     404 |       0 |   0.0 |      11 |       0 |   0.0
        D:6 |     392 |       0 |   0.0 |      14 |       0 |   0.0
        D:7 |    1584 |       0 |   0.0 |      37 |       0 |   0.0
        D:8 |    2939 |       0 |   0.0 |      40 |       0 |   0.0
        D:9 |    2487 |     693 |  21.8 |      23 |       2 |   8.0
       D:10 |    1449 |       0 |   0.0 |      22 |       0 |   0.0
       D:11 |    2697 |       0 |   0.0 |      19 |       0 |   0.0
       D:12 |    4083 |     657 |  13.9 |      30 |      27 |  47.4
       D:13 |    2428 |    5665 |  70.0 |       7 |      19 |  73.1
       D:14 |    6626 |       0 |   0.0 |      20 |       0 |   0.0
       D:15 |    6469 |    1826 |  22.0 |      22 |       3 |  12.0
            +---------+---------+-------+---------+---------+-------
